 Dungeon Crawl Stone Soup version 0.30.1-11-g7821555f0a (webtiles) character file.

Game seed: 364059584131906543

389 KittyFluff the Covered (level 6, 0/39 HPs)
             Began as a Gargoyle Berserker on Oct 28, 2023.
             Was a Priest of Trog.
             Killed from afar by Dowan (14 damage)
             ... with a shard of ice
             ... on level 5 of the Dungeon.
             The game lasted 00:12:55 (3357 turns).

KittyFluff the Covered (Gargoyle Berserker)         Turns: 3357, Time: 00:12:55

Health: 0/39       AC: 11    Str: 22    XL:     6   Next: 79%
Magic:  6/6        EV: 12    Int:  8    God:    Trog [***...]
Gold:   270        SH:  0    Dex:  9    Spells: 5/5 levels left

rFire   . . .        z - +0 quarterstaff
rCold   . . .        (shield currently unavailable)
rNeg    + . .        C - +3 leather armour
rPois   ∞            (no helmet)
rElec   +            (no cloak)
rCorr   .            (no gloves)
SInv    .            (no boots)
Will    +....        (no amulet)
Stlth   +            f - ring of willpower
HPRegen 0.26/turn    (no ring)
MPRegen 0.10/turn

%: no passive effects
@: no status effects
A: sickness immunity, AC +4, negative energy resistance 1, electricity
resistance, torment resistance 1, petrification resistance
a: Renounce Religion, Berserk, Trog's Hand


You were on level 5 of the Dungeon.
You worshipped Trog.
Trog was most pleased with you.
You visited 1 branch of the dungeon, and saw 5 of its levels.

You collected 270 gold pieces.

Inventory:

Hand Weapons
 a - a +0 mace
 h - a +0 sling
 s - the +1 hand axe of Wyrd {vamp, Fly Will+}
   (You found it on level 3 of the Dungeon)

   Fly:       It grants you flight.
   Will:      It increases your willpower.
 z - a +0 quarterstaff (weapon)
Missiles
 n - 4 javelins (quivered)
 p - 2 poisoned darts
 w - 2 boomerangs
 D - 2 datura-tipped darts
Armour
 y - an orb of mayhem
 C - a +3 leather armour (worn)
Jewellery
 f - a ring of willpower (left hand)
Wands
 A - a wand of iceblast (10)
Scrolls
 b - 5 scrolls of teleportation
 c - a scroll of vulnerability {unknown}
 i - a scroll of identify {unknown}
 j - a scroll of magic mapping {unknown}
 l - a scroll of torment {unknown}
 m - 2 scrolls of enchant weapon {unknown}
 o - a scroll of blinking {unknown}
 q - a scroll of fear {unknown}
 r - a scroll of silence {unknown}
Potions
 d - 2 potions of berserk rage {unknown}
 e - a potion of mutation {unknown}
 g - a potion of haste {unknown}
 k - 2 potions of curing {unknown}
 t - a potion of cancellation {unknown}
 u - 2 potions of might {unknown}
 v - a potion of flight {unknown}
 x - a potion of magic {unknown}
 B - a potion of attraction {unknown}


   Skills:
 + Level 4.4 Fighting
 - Level 3.8(4.2) Maces & Flails
 * Level 2.8(3.7) Staves
 * Level 4.8 Armour
 + Level 2.6 Dodging


You had 5 spell levels left.
You didn't know any spells.
Your spell library was empty.

Dungeon Overview and Level Annotations

Branches:
Dungeon (5/15)
 Temple: D:4-7

Altars:
Uskayaw
Wu Jian
Zin

Annotations:
D:5 Dowan


Innate Abilities, Weirdness & Mutations

You are immune to sickness and miasma.
Your stone body is resilient. (AC +4)
You are immune to poison.
You resist negative energy. (rN+)
You are resistant to electric shocks. (rElec)
You are resistant to unholy torment.
You are immune to petrification.


Message History

* * * LOW HITPOINT WARNING * * *
You hit Dowan.
Dowan is almost dead.
Dowan casts a spell.
Dowan blinks!
Dowan casts a spell.
Dowan blinks!
Dowan mumbles some strange words.
Dowan blinks!
Dowan gestures wildly while chanting.
Dowan blinks!
Dowan gestures wildly while chanting.
Dowan blinks!
Dowan casts a spell.
Dowan blinks!
Dowan casts a spell.
Dowan blinks!
You barely miss Dowan.
Dowan is almost dead.
Dowan gestures wildly while chanting.
Dowan blinks!
You hit Dowan but do no damage.
Dowan is almost dead.
Dowan casts a spell.
Dowan blinks!
Dowan misses you. Dowan casts a spell at you. The stone arrow misses you.
You closely miss Dowan.
Dowan is almost dead.
Dowan gestures wildly while chanting.
Dowan blinks!
You hit Dowan.
Dowan is almost dead.
Dowan hits you with a +0 dagger.
You closely miss Dowan.
Dowan is almost dead.
Dowan gestures at you while chanting. The shard of ice hits you!
You die...

.#...# #..#.#.###.#..#
.....###..#.###.###..#
..........#.##...##..#
#.####e#..#.#.#.#.#..#
#.#....#..#.#((#..#..#
..#.#####.#.#(#(#(#..#
#.#.)..#..#.##(((##..####
..####.#.....#####......#
...............e@....####
..######..##.......#.#
... #..#####.####.# ...#
###.............# ...#
#........#.######
...###.#..###.#.#
....e.....#...#.#
.......#..###.#.#
..##.#..##..#.#


You could see Dowan (fast) and 8 dancing weapons.

Vanquished Creatures
  Duvessa (D:5)
  A scorpion (D:4)
  2 iguanas (D:4)
  Ijyb (D:4)
  2 adders (D:4)
  4 gnolls (D:4)
  2 worms
  2 dart slugs
  2 orcs (D:3)
  5 ball pythons
  6 bats
  8 endoplasms
  2 giant cockroaches
  7 goblins
  8 hobgoblins
  8 jackals
  2 quokkas
  2 frilled lizards
  9 kobolds
  4 rats
78 creatures vanquished.

Notes
Turn   | Place    | Note
-------+----------+-------------------------------------------
     0 | D:1      | KittyFluff the Gargoyle Berserker began the quest for the
                  | Orb.
     0 | D:1      | Reached XP level 1. HP: 14/14 MP: 1/1
   233 | D:1      | Reached XP level 2. HP: 19/19 MP: 2/2
   316 | D:1      | Found a faded altar of an unknown god.
  1012 | D:2      | Reached XP level 3. HP: 21/23 MP: 3/3
  1058 | D:2      | Found a glowing silver altar of Zin.
  1078 | D:2      | Reached ** piety under Trog
  1485 | D:3      | Found an ornate altar of the Wu Jian Council.
  1499 | D:3      | Identified the +1 hand axe of Wyrd {vamp, Fly Will+}
  1613 | D:3      | Found a glowing silver altar of Zin.
  1733 | D:3      | Reached XP level 4. HP: 29/29 MP: 4/4
  2337 | D:4      | Noticed Ijyb
  2352 | D:4      | Killed Ijyb
  2353 | D:4      | Reached skill level 1 in Staves
  2353 | D:4      | Reached XP level 5. HP: 24/33 MP: 5/5
  2473 | D:4      | Reached XP level 6. HP: 29/38 MP: 6/6
  2738 | D:4      | Reached *** piety under Trog
  2920 | D:5      | Entered Level 5 of the Dungeon
  2999 | D:5      | Noticed a +0 dagger
  3069 | D:5      | Noticed a +0 dagger
  3069 | D:5      | Noticed a +0 short sword
  3070 | D:5      | Noticed a +0 falchion
  3071 | D:5      | Noticed a +0 short sword
  3077 | D:5      | Noticed a +0 spear
  3077 | D:5      | Noticed a +0 falchion
  3078 | D:5      | Noticed a +0 spear
  3082 | D:5      | Found a hide-covered altar of Uskayaw.
  3280 | D:5      | Noticed Duvessa
  3281 | D:5      | Noticed Dowan
  3306 | D:5      | Killed Duvessa
  3357 | D:5      | Killed from afar by Dowan

Illustrated notes

Levels and vault maps discovered:
D:1:      dpeg_arrival_three_bigger_balls, layout_loops_ring,
          ebering_ecumenical_altar_mist, minmay_tromino_mix6
D:2:      layout_basic, basic_altar
D:3:      layout_rooms, mainiacjoe_overflow_paths, zin_scriptorium,
          supply_closet_lemuel, kennysheep_decorative_pillar
D:4:      layout_basic, uniq_ijyb
D:5:      layout_basic, marbit_many_paths, nicolae_uskayaw_en_pointe,
          minmay_temple_entry_drinking_statues, serial_co_window_serial,
          co_window_of_opportunity_a, co_window_corner_a,
          co_window_of_opportunity_a, co_window_paths_b,
          co_window_of_opportunity_a, co_window_2corner, co_window_broadway_b,
          co_window_corner_cb, co_window_cross_4, co_window_4corner_a,
          kennysheep_small_square, uniq_duvessa

Skill      XL: |  1  2  3  4  5 |
---------------+----------------+-----
Armour         | 3 4 |  4.8
Dodging        | 2 |  2.6
Staves         | 1 2 |  2.8
Fighting       | 4 |  4.4
Maces & Flails | |  3.8

Action                     |  1- 3 |  4- 6 || total
---------------------------+-------+-------++-------
  Melee: Mace              |   109 |    45 ||   154
         Quarterstaff      |       |   121 ||   121
    Use: Scroll            |     1 |       ||     1
 Armour: Animal skin       |    11 |       ||    11
         Leather armour    |    53 |    60 ||   113
  Dodge: Dodged            |   100 |   103 ||   203
